 Dungeon Crawl Stone Soup version 0.30-a0-760-g5a9884bb7c (webtiles) character file.

Game seed: 16102832510898281409

186 Ekaitz the Stinger (level 5, -2/38 HPs)
             Began as a Demonspawn Venom Mage on Feb 11, 2023.
             Slain by a white imp (4 damage)
             ... on level 4 of the Dungeon on Feb 12, 2023.
             The game lasted 00:09:17 (2829 turns).

Ekaitz the Stinger (Demonspawn Venom Mage)          Turns: 2829, Time: 00:09:17

Health: -2/38      AC:  2    Str: 14    XL:     5   Next: 38%
Magic:  6/9        EV: 12    Int: 18    God:
Gold:   159        SH:  0    Dex: 16    Spells: 1/9 levels left

rFire   . . .      SeeInvis .    e - +0 dagger
rCold   . . .      Faith    .    (no shield)
rNeg    . . .      Spirit   .    a - +0 robe
rPois   .          Reflect  .    (helmet restricted)
rElec   .          Harm     .    (no cloak)
rCorr   .          Rampage  .    (no gloves)
Will    .....                    (no boots)
Stlth   +++                      i - amulet of magic regeneration
HPRegen 0.26/turn                d - +6 ring of strength
MPRegen 0.51/turn                l - ring of flight

@: flying
A: horns 1, thin skeletal structure 1
a: no special abilities


You were on level 4 of the Dungeon.
You visited 1 branch of the dungeon, and saw 4 of its levels.

You collected 159 gold pieces.

Inventory:

Hand Weapons
 e - a +0 dagger (weapon)
 p - a +3 sling
Armour
 a - a +0 robe (worn)
Jewellery
 d - a +6 ring of strength (left hand)
 f - an amulet of faith
 i - an amulet of magic regeneration (around neck)
 l - a ring of flight (right hand)
Scrolls
 h - a scroll of enchant armour {unknown}
 j - a scroll of fear {unknown}
 n - a scroll of vulnerability {unknown}
 o - 3 scrolls of blinking {unknown}
 q - a scroll of noise {unknown}
 s - 3 scrolls of identify {unknown}
 t - a scroll of butterflies {unknown}
 u - a scroll of immolation {unknown}
 v - a scroll of magic mapping {unknown}
 w - a scroll of teleportation {unknown}
 y - a scroll of enchant weapon {unknown}
Potions
 b - a potion of magic
 c - a potion of mutation {unknown}
 g - 2 potions of heal wounds {unknown}
 k - a potion of resistance {unknown}
 m - 2 potions of curing {unknown}
 r - a potion of berserk rage {unknown}
 x - 2 potions of might {unknown}


   Skills:
 * Level 1.7 Fighting
 + Level 0.5 Short Blades
 + Level 2.0 Dodging
 + Level 1.9 Stealth
 + Level 2.6 Spellcasting
 * Level 1.1 Conjurations
 * Level 0.3 Necromancy
 + Level 1.5 Transmutations
 + Level 0.1 Air Magic
 * Level 4.5 Poison Magic


You had one spell level left.
You knew the following spells:

 Your Spells              Type           Power      Damage    Failure   Level
a - Sting                 Tmut/Pois      52%        1d5       4%          1
b - Poisonous Vapours     Pois/Air       20%        N/A       10%         2
c - Mephitic Cloud        Conj/Pois/Air  9%         N/A       22%         3
d - Cigotuvi's Dreadful   Necr/Pois/Air  16%        N/A       13%         2

Your spell library contained the following spells:

 Spells                   Type           Power      Damage    Failure   Level
 Summon Small Mammal      Summ           8%         N/A       17%         1
 Olgreb's Toxic Radiance  Pois           18%        N/A       26%         4
 Call Canine Familiar     Summ           2%         N/A       45%         3
 Summon Guardian Golem    Hex/Summ       2%         N/A       45%         3
 Dispel Undead            Necr           3%         3d7       82%         4
 Death Channel            Necr           1%         N/A       100%        6


Dungeon Overview and Level Annotations

Branches:
Dungeon (4/15)
 Temple: D:4-7

Altars:
Cheibriados
Dithmenos
Xom


Innate Abilities, Weirdness & Mutations

You have a pair of small horns on your head.
You have a somewhat thin skeletal structure. (Dex +2, Stealth+)


Message History

The white imp looks even sicker.
The white imp is lightly wounded.
Casting: Sting (safe; 4% risk of failure)
Confirm with . or Enter, or press ? or * to list all spells.
Aiming: Sting (safe; 4% risk of failure)
Press: ? - help, Shift-Dir - straight line, f/p - white imp
Aim: a white imp (lightly wounded, very poisoned, 71% to hit)
The sting hits the white imp.
The white imp partially resists.
The white imp is lightly wounded.
The white imp hits you. The white imp freezes you.
Casting: Sting (safe; 4% risk of failure)
Confirm with . or Enter, or press ? or * to list all spells.
Aiming: Sting (safe; 4% risk of failure)
Press: ? - help, Shift-Dir - straight line, f/p - white imp
Aim: a white imp (lightly wounded, very poisoned, 71% to hit)
The sting hits the white imp but does no damage.
The white imp looks even sicker.
The white imp is lightly wounded.
The white imp gestures at you. The puff of frost hits you!
* * * LOW HITPOINT WARNING * * *
Casting: Sting (safe; 4% risk of failure)
Confirm with . or Enter, or press ? or * to list all spells.
Aiming: Sting (safe; 4% risk of failure)
Press: ? - help, Shift-Dir - straight line, f/p - white imp
Aim: a white imp (lightly wounded, very poisoned, 71% to hit)
The sting hits the white imp.
The white imp looks as sick as possible!
The white imp is lightly wounded.
The white imp gestures at you. The puff of frost hits you.
* * * LOW HITPOINT WARNING * * *
Unknown command.
Okay, then.
You closely miss the white imp. Your headbutt misses the white imp.
The white imp is moderately wounded.
The white imp hits you.
* * * LOW HITPOINT WARNING * * *
The white imp freezes you.
You die...

####### #.....#
# # ..##.....#
.#.##
.........#=....#
#..<@....#
#...5#.#...#
##^..# # . #(#.#
.(#.# .#.?..
.##..... #.
..#... . (.#####


You could see a white imp (extremely poisoned).

Vanquished Creatures
  A howler monkey (D:3)
  An orc wizard (D:3)
  A gnoll (D:1)
  4 adders
  3 dart slugs
  An orc (D:3)
  2 endoplasms (D:3)
  6 giant cockroaches
  5 hobgoblins
  3 jackals
  5 quokkas
  5 ball pythons
  2 bats
  A frilled lizard (D:2)
  9 goblins
  4 kobolds
  5 rats
58 creatures vanquished.

Vanquished Creatures (others)
  An orc wizard (D:3)
1 creature vanquished.

Grand Total: 59 creatures vanquished

Notes
Turn   | Place    | Note
-------+----------+-------------------------------------------
     0 | D:1      | Ekaitz the Demonspawn Venom Mage began the quest for the
                  | Orb.
     0 | D:1      | Reached XP level 1. HP: 13/13 MP: 3/3
   330 | D:1      | Gained mutation: You have a pair of small horns on your
                  | head. [demonic ancestry]
   330 | D:1      | Reached XP level 2. HP: 19/19 MP: 3/5
   338 | D:1      | Learned a level 2 spell: Poisonous Vapours
   459 | D:1      | Reached skill level 1 in Transmutations
   683 | D:1      | Reached XP level 3. HP: 12/25 MP: 6/6
   756 | D:1      | Learned a level 3 spell: Mephitic Cloud
  1104 | D:2      | Found a snail-covered altar of Cheibriados.
  1121 | D:2      | Found a faded altar of an unknown god.
  1401 | D:2      | Reached skill level 1 in Fighting
  1504 | D:2      | Reached XP level 4. HP: 32/32 MP: 5/7
  2013 | D:3      | Reached skill level 4 in Poison Magic
  2044 | D:3      | Found a shadowy altar of Dithmenos.
  2119 | D:3      | Learned a level 2 spell: Cigotuvi's Dreadful Rot
  2159 | D:3      | Found a shimmering altar of Xom.
  2185 | D:3      | Reached skill level 1 in Conjurations
  2351 | D:3      | Gained mutation: You have a somewhat thin skeletal
                  | structure. (Dex +2, Stealth+) [demonic ancestry]
  2351 | D:3      | Reached XP level 5. HP: 34/37 MP: 3/8
  2829 | D:4      | Slain by a white imp

Illustrated notes

Levels and vault maps discovered:
D:1:      beargit_arrival_greenhouse, layout_basic, minmay_tromino_v4_b
D:2:      layout_basic, basic_altar, ebering_ecumenical_altar_mist
D:3:      layout_basic, grunt_dithmenos_smoke, led_xom_imps, eino_tiny_chamber
D:4:      layout_loops_ring, led_sif_book, nemelex_dance_club_becter,
          serial_demonic, serial_demonic_a, serial_demonic_e, serial_demonic_e,
          serial_demonic_c, serial_demonic_d, serial_demonic_g,
          serial_demonic_f, grunt_decor_mini_mirrors, minmay_ruptured

Skill      XL: |  1  2  3  4 |
---------------+-------------+-----
Transmutations | 1 |  1.5
Dodging        | 2 |  2.0
Fighting       | 1 |  1.7
Poison Magic   | 4 |  4.5
Conjurations   | 1 |  1.1
Short Blades   | |  0.5
Stealth        | |  1.9
Spellcasting   | |  2.6
Necromancy     | |  0.3
Air Magic      | |  0.1

Action                     |  1- 3 |  4- 6 || total
---------------------------+-------+-------++-------
  Melee: Dagger            |    34 |    20 ||    54
         Headbutt          |     5 |     9 ||    14
   Cast: Sting             |    61 |    49 ||   110
         Poisonous Vapours |       |     6 ||     6
   Stab: Sleeping          |     2 |     3 ||     5
 Armour: Robe              |     8 |     4 ||    12
  Dodge: Dodged            |    36 |    21 ||    57

Table legend: (Time is in decaauts)
 A = Elapsed time spent in this place.
 B = Non-inter-level travel time spent in this place.
 C = Inter-level travel time spent in this place.
 D = Time resting spent in this place.
 E = Time spent auto-exploring this place.
 F = Levels seen in this place.
 G = Mean time per level.
                   A        B        C        D        E       F      G
               +--------+--------+--------+--------+--------+-----+--------+
         Total |   2827 |   2712 |    115 |    104 |   2124 |   4 |  706.8 |
       Dungeon |   2827 |   2712 |    115 |    104 |   2124 |   4 |  706.8 |
               +--------+--------+--------+--------+--------+-----+--------+

Top non-repeatable levels by time:
     D:1: 984 daAuts
     D:2: 949 daAuts
     D:3: 870 daAuts
     D:4: 23 daAuts
